 Dungeon Crawl Stone Soup version 0.21.1-1-g345015fe64 (webtiles) character file.

114266 Peloso the Hoplite (level 16, -2/144 HPs)
             Began as a Minotaur Fighter on Apr 8, 2018.
             Was the Champion of Okawaru.
             Slain by a flail of protection (3 damage)
             ... on level 2 of the Elven Halls.
             The game lasted 01:23:13 (29750 turns).

Peloso the Hoplite (Minotaur Fighter)              Turns: 29750, Time: 01:23:13

Health: -2/144     AC: 20    Str: 35    XL:     16   Next: 15%
Magic:  16/16      EV: 10    Int:  5    God:    Okawaru [******]
Gold:   1849       SH: 26    Dex: 16    Spells: 15/15 levels left

rFire    + . .     SeeInvis +   a - +0 demon blade (venom)
rCold    + . .     Gourm    .   c - +3 shield
rNeg     . . .     Faith    .   g - +0 plate armour
rPois    +         Spirit   .   o - +2 hat {SInv}
rElec    .         Reflect  +   J - scarf {rC+ rF+}
rCorr    .         Harm     .   F - +0 pair of gloves
MR       ++...                  e - +0 pair of boots
Stlth    ..........             l - amulet of Jyloba {Reflect rPois Str+5 Dex+3 Slay-4 SH+6}
HPRegen  0.34/turn              A - ring of protection from magic
MPRegen  0.15/turn              j - +5 ring of strength

@: hasted, heavily drained, very quick
A: retaliatory headbutt, horns 2
a: Heroism, Finesse, Renounce Religion


You were on level 2 of the Elven Halls.
You worshipped Okawaru.
Okawaru was exalted by your worship.
You were hungry.

You visited 5 branches of the dungeon, and saw 26 of its levels.
You visited 1 bazaar.
You also visited: Sewer.

You collected 2706 gold pieces.
You spent 857 gold pieces at shops.

Inventory:

Hand Weapons
 a - a +0 demon blade of venom (weapon)
 z - a +2 long sword of holy wrath
 Z - a +2 short sword of flaming
Armour
 c - a +3 shield (worn)
 e - a +0 pair of boots (worn)
 g - a +0 plate armour (worn)
 o - a +2 hat of see invisible (worn)
 F - a +0 pair of gloves (worn)
 J - a scarf of resistance (worn)
Jewellery
 j - a +5 ring of strength (right hand)
 l - the amulet of Jyloba (around neck) {Reflect rPois Str+5 Dex+3 Slay-4 SH+6}
   (You found it on level 9 of the Dungeon)

   [amulet of reflection]

   It shields you and reflects attacks.
   It affects your strength (+5).
   It affects your dexterity (+3).
   It affects your accuracy and damage with ranged weapons and melee attacks
   (-4).
   It protects you from poison.
   It affects your SH (+6).
 y - an uncursed ring of protection from magic
 A - a ring of protection from magic (left hand)
 B - an uncursed amulet of the gourmand
Wands
 i - a wand of iceblast (6)
 C - a wand of flame (35)
 G - a wand of disintegration (29)
 U - a wand of digging (4)
Scrolls
 b - a scroll of silence
 n - 3 scrolls of identify
 q - 3 scrolls of blinking
 r - 3 scrolls of fog
 s - 9 scrolls of teleportation
 t - a scroll of amnesia
 v - 2 scrolls of magic mapping
 H - a scroll of enchant weapon
 I - a scroll of enchant armour
 L - 6 scrolls of remove curse
Potions
 d - 4 potions of might
 h - 3 potions of haste
 k - 3 potions of berserk rage
 m - 11 potions of curing
 p - 5 potions of heal wounds
 u - 2 potions of invisibility
 x - 7 potions of agility
 E - 3 potions of flight
Books
 D - a book of Party Tricks

   Spells                             Type                      Level
   a - Summon Butterflies             Summoning                    1
   b - Apportation                    Translocation                1
   c - Lesser Beckoning               Translocation                3
   d - Tukima's Dance                 Hexes                        3
   e - Alistair's Intoxication        Transmutation/Poison         5
   f - Invisibility                   Hexes                        6
Comestibles
 f - 37 rations


   Skills:
 + Level 13.5(11.3) Fighting
 + Level 2.3(8.1) Short Blades
 + Level 15.8(13.6) Long Blades
 + Level 14.6(12.4) Armour
 + Level 5.0(3.2) Dodging
 + Level 1.5(0.0) Stealth
 + Level 21.2(18.6) Shields
 + Level 2.0(0.4) Invocations
 + Level 0.1(0.0) Evocations


You had 15 spell levels left.
You didn't know any spells.

Dungeon Overview and Level Annotations

Branches:
Dungeon (15/15)            Temple (1/1) D:4            Lair (6/6) D:10
 Shoals (0/4) Lair:4        Snake (0/4) Lair:2        Slime (0/5) Lair:6
    Orc (2/2) D:10            Elf (1/3) Orc:2        Vaults (0/5) D:14
 Depths (0/5) D:15

Altars:
Ashenzari
Cheibriados
Dithmenos
Elyvilon
Fedhas
Gozag
Hepliaklqana
Kikubaaqudgha
Makhleb
Nemelex Xobeh
Okawaru
Qazlal
Ru
Sif Muna
Trog
Uskayaw
Vehumet
Wu Jian
Xom
Yredelemnul
Zin
The Shining One
Jiyva

Shops:
D:13 }   Orc:1 =   Orc:2 ??%!   Elf:1 *

Portals:
Trove: D:13 (give 17 scrolls of teleportation)


Innate Abilities, Weirdness & Mutations

You reflexively headbutt those who attack you in melee.
You have a pair of horns on your head.


Message History

* * * LOW HITPOINT WARNING * * *
You feel drained.
* * * LOW HITPOINT WARNING * * *
You block the falchion's attack.
You block the flail of holy wrath's attack.
Unknown command.
You hit the falchion but do no damage. You headbutt the falchion!
The falchion is moderately damaged.
You block the trident of flaming's attack.
The flail of protection hits you.
* * * LOW HITPOINT WARNING * * *
You slash the falchion!
The falchion is severely damaged.
You block the flail of holy wrath's attack.
The falchion hits you but does no damage.
You block the trident of flaming's attack.
You barely miss the falchion.
The falchion is severely damaged.
The flail of protection hits you.
You die...

* *,* **,,,** *#...#..e.e... *
*,* **...,,* ##....e.......
****,****,...###* ##...e.........
,,,,,**,,,,#....* #...e..........
******,,,.*##...* ##(....E.......
*,,,,..#..E####..E...........
**,,,*......#.##(e............
**,,,**#.....##(((#............
*,,,** **,,#.(@((##............
*,,,,**#.....##(.+#...........,
*,*,,,*......#.##+...........,,
***,,,,,,..#...###*,..........,,,
*,,,,,,,,.*##...* **.........,,,,
*,,,,,,,,,,#....* *,,.......,,,,,
,,,,,,,,,,...###* **,,,,,,,,,,,,,
,,,,,,,,,*###* **,,,,,,,,,,,,
*,,,,,,,,* **,,,*,,,,,,,,


You could see a deep elf blademaster, a deep elf knight, an earth elemental, a
water elemental, a deep elf mage and 8 dancing weapons.

Vanquished Creatures
  Rupert (Lair:4)
  Kirke (Lair:5)
  A caustic shrike zombie (D:15)
  A juggernaut zombie (D:15)
  A deep elf demonologist (Orc:2)
  The ghost of Peloso the Carver, a journeyman MiFi of Okawaru (Lair:3)
  Josephine (D:14)
  Erolcha (Orc:1)
  5 vault guards (D:14)
  7 hydras
  4 centaur warriors
  10 two-headed ogres
  12 death yaks
  6 dancing weapons
  3 deep elf knights (Elf:1)
  An orc high priest (Orc:2)
  Sonja (D:14)
  2 skeletal warriors
  2 unseen horrors
  A phantasmal warrior (D:15)
  A wolf spider zombie (D:11)
  3 deep elf archers (Elf:1)
  A necromancer (D:15)
  2 orc knights
  A wizard (D:14)
  6 orc sorcerers
  15 deep elf magi
  2 manticores
  8 ugly things
  13 elephants
  3 cyclopes
  A guardian serpent (D:15)
  Maurice (Orc:1)
  5 black mambas
  A gargoyle (D:13)
  3 centaur skeletons
  11 spiny frogs
  13 komodo dragons
  A kobold demonologist (D:14)
  A yaktaur (D:14)
  7 polar bears (Lair:6)
  12 trolls
  A merfolk (D:13)
  16 blink frogs
  6 hornets (Lair:6)
  A dream sheep (Lair:6)
  5 slime creatures (D:12)
  13 hippogriffs
  Sigmund (D:2)
  A vampire (D:11)
  6 wraiths (D:14)
  A spriggan skeleton (D:15)
  12 spriggans
  5 water elementals (D:15)
  17 yaks
  A shadow (D:15)
  3 wyverns
  3 basilisks
  4 hungry ghosts
  A steam dragon (D:13)
  4 hogs (Lair:5)
  9 vampire mosquitoes
  The ghost of DwarfAlpaca the Skirmisher, an amateur GrMo (D:3)
  2 nagas (Lair:2)
  A warg (Orc:2)
  2 soldier ants (D:13)
  11 water moccasins
  An acid dragon (D:13)
  8 porcupines
  Duvessa (D:6)
  21 orc warriors
  Purgy (Sewer)
  3 black bears
  7 sky beasts
  A necrophage (D:5)
  An eye of draining (D:14)
  A phantom (D:11)
  6 ice beasts
  25 wolves
  3 ogres
  4 boggarts (Lair:6)
  19 centaurs
  11 crocodiles
  2 big kobolds
  15 bullfrogs
  A wyvern zombie (D:14)
  4 jellies
  8 scorpions
  Dowan (D:6)
  3 killer bees (D:9)
  3 electric eels (D:15)
  3 wights (D:11)
  A tengu skeleton (D:15)
  A vampire bat (D:8)
  3 lava snakes (D:9)
  10 crimson imps
  2 bullfrog zombies
  A quasit (D:10)
  37 orc wizards
  4 bullfrog skeletons
  4 hounds
  22 orc priests
  2 iguanas
  9 worker ants
  3 hound zombies
  3 gnolls (D:4)
  9 adders
  2 shadow imps
  3 oozes
  An adder zombie (D:8)
  5 worms
  3 dart slugs
  6 leopard geckos
  72 orcs
  15 bats
  2 giant cockroaches
  12 goblins
  10 hobgoblins
  9 jackals
  2 quokkas
  2 ball pythons
  7 frilled lizards
  14 kobolds
  A leopard gecko skeleton (D:6)
  5 rats
  A butterfly (D:4)
736 creatures vanquished.

Vanquished Creatures (others)
  A deep elf knight (D:14)
  A deep elf mage (Elf:1)
  A manticore (D:12)
  An orc warrior (Orc:2)
  6 centaurs
  An orc wizard (Orc:2)
  3 orcs
  8 fungi
  4 plants
  3 withered plants (D:15)
29 creatures vanquished.

Grand Total: 765 creatures vanquished

Notes
Turn   | Place    | Note
-------+----------+-------------------------------------------
     0 | D:1      | Peloso the Minotaur Fighter began the quest for the Orb.
     0 | D:1      | Reached XP level 1. HP: 19/19 MP: 0/0
   107 | D:1      | Reached XP level 2. HP: 26/27 MP: 1/1
   609 | D:2      | Reached skill level 4 in Shields
   625 | D:2      | Noticed a scorpion
   639 | D:2      | Killed a scorpion
   639 | D:2      | Reached XP level 3. HP: 10/34 MP: 2/2
   639 | D:2      | Reached XP level 4. HP: 12/41 MP: 3/3
  1064 | D:2      | Noticed Sigmund
  1072 | D:2      | Killed Sigmund
  1072 | D:2      | Reached skill level 5 in Long Blades
  1072 | D:2      | Reached XP level 5. HP: 27/47 MP: 4/4
  1255 | D:2      | Reached XP level 6. HP: 55/55 MP: 5/5
  1921 | D:3      | Reached skill level 5 in Armour
  1978 | D:3      | Reached skill level 5 in Fighting
  2198 | D:3      | Noticed DwarfAlpaca's ghost (amateur GrMo)
  2210 | D:3      | Killed DwarfAlpaca's ghost
  2210 | D:3      | Reached skill level 1 in Dodging
  2210 | D:3      | Reached skill level 5 in Shields
  2210 | D:3      | Reached XP level 7. HP: 47/61 MP: 6/6
  2235 | D:3      | Found a burning altar of Makhleb.
  2731 | D:4      | Found a glowing silver altar of Zin.
  2753 | D:4      | Found a staircase to the Ecumenical Temple.
  2762 | Temple   | Entered the Ecumenical Temple
  2786 | Temple   | Became a worshipper of Warmaster Okawaru
  3038 | D:4      | Found a sparkling altar of Nemelex Xobeh.
  3157 | D:5      | Entered Level 5 of the Dungeon
  3202 | D:5      | Found a shattered altar of Ashenzari.
  3284 | D:5      | Found a basalt altar of Yredelemnul.
  3336 | D:5      | Found a white marble altar of Elyvilon.
  3456 | D:5      | Reached skill level 1 in Stealth
  3580 | D:5      | Found a radiant altar of Vehumet.
  3580 | D:5      | Found a snail-covered altar of Cheibriados.
  3775 | D:6      | Reached * piety under Okawaru
  3784 | D:6      | Found a glowing drain.
  3815 | Sewer    | Entered a sewer
  3841 | Sewer    | Noticed Purgy
  3856 | Sewer    | Killed Purgy
  3856 | Sewer    | Reached XP level 8. HP: 63/69 MP: 7/7
  4039 | D:6      | Noticed Dowan
  4059 | D:6      | Killed Dowan
  4059 | D:6      | Reached skill level 6 in Shields
  4067 | D:6      | Noticed Duvessa
  4084 | D:6      | Killed Duvessa
  4935 | D:7      | Reached ** piety under Okawaru
  5163 | D:7      | Reached skill level 7 in Shields
  5579 | D:7      | Reached XP level 9. HP: 75/75 MP: 8/8
  5853 | D:8      | Noticed a two-headed ogre
  5863 | D:8      | Noticed a two-headed ogre
  5865 | D:8      | Noticed a two-headed ogre
  5872 | D:8      | Found a glowing golden altar of the Shining One.
  6107 | D:7      | Killed a two-headed ogre
  6107 | D:7      | Reached *** piety under Okawaru
  6107 | D:7      | Reached skill level 10 in Long Blades
  6107 | D:7      | Reached skill level 8 in Shields
  6242 | D:7      | Killed a two-headed ogre
  6242 | D:7      | Reached **** piety under Okawaru
  6512 | D:7      | Killed a two-headed ogre
  6512 | D:7      | Reached skill level 9 in Shields
  6512 | D:7      | Reached XP level 10. HP: 51/86 MP: 9/9
  6817 | D:8      | Reached skill level 10 in Armour
  7263 | D:9      | Noticed a two-headed ogre
  7270 | D:9      | Killed a two-headed ogre
  7270 | D:9      | Reached skill level 10 in Shields
  7275 | D:9      | Found a blossoming altar of Fedhas.
  7315 | D:9      | Found a shadowy altar of Dithmenos.
  7315 | D:9      | Found an ancient bone altar of Kikubaaqudgha.
  7489 | D:9      | Reached ***** piety under Okawaru
  7549 | D:9      | Noticed a deep elf mage
  7549 | D:9      | Noticed a cyclops
  7719 | D:9      | Killed a cyclops
  7856 | D:9      | Got a shimmering platinum amulet
  7866 | D:9      | Identified the amulet of Jyloba {Reflect rPois Str+5 Dex+3 Slay-4 SH+6} (You found it on level 9 of the Dungeon)
  7923 | D:9      | Killed a deep elf mage
  8239 | D:10     | Entered Level 10 of the Dungeon
  8280 | D:10     | Reached XP level 11. HP: 71/94 MP: 10/10
  8559 | D:10     | Noticed a death yak
  8560 | D:10     | Found a staircase to the Lair.
  8560 | D:10     | Noticed a death yak
  8561 | D:10     | Noticed a death yak
  8561 | D:10     | Noticed a death yak
  8582 | D:10     | Killed a death yak
  8585 | D:10     | Noticed a death yak
  8588 | D:10     | Noticed a death yak
  8595 | D:10     | Noticed a death yak
  8597 | D:10     | Killed a death yak
  8597 | D:10     | Reached skill level 11 in Shields
  8646 | D:9      | Killed a death yak
  8835 | D:10     | Noticed a death yak
  8853 | D:9      | Killed a death yak
  9579 | D:8      | Killed a death yak
  9579 | D:8      | Received a gift from Okawaru
  9579 | D:8      | Reached skill level 1 in Invocations
  9625 | D:8      | Killed a death yak
  9639 | D:9      | Killed a death yak
  9800 | D:10     | Found a staircase to the Orcish Mines.
 10100 | D:9      | Killed a death yak
 10100 | D:9      | Reached skill level 12 in Shields
 10821 | D:11     | Found a flickering gateway to a bazaar.
 10877 | Bazaar   | Entered a bazaar
 10877 | Bazaar   | Found Lobu's Jewellery Shoppe.
 10877 | Bazaar   | Found Icsim's General Store.
 10877 | Bazaar   | Found Boph's Jewellery Shoppe.
 10877 | Bazaar   | Found Elyrch's Book Shop.
 10879 | Bazaar   | Found Guhaipt's Gadget Emporium.
 10879 | Bazaar   | Found Ifaoxiu's Distillery.
 11041 | Bazaar   | Bought a potion of heal wounds for 60 gold pieces
 11041 | Bazaar   | Bought a potion of berserk rage for 60 gold pieces
 11122 | D:11     | Reached XP level 12. HP: 46/104 MP: 12/12
 11548 | D:11     | Reached skill level 13 in Shields
 11961 | D:11     | Noticed a two-headed ogre
 11982 | D:11     | Killed a two-headed ogre
 12154 | D:11     | Noticed a two-headed ogre
 12167 | D:11     | Killed a two-headed ogre
 12441 | Lair:1   | Entered Level 1 of the Lair of Beasts
 12509 | Lair:1   | Reached skill level 14 in Shields
 12516 | Lair:1   | Received a gift from Okawaru
 12973 | Lair:1   | Reached skill level 10 in Fighting
 13672 | Lair:2   | Found a staircase to the Snake Pit.
 14113 | Lair:2   | Reached XP level 13. HP: 114/114 MP: 13/13
 14492 | Lair:3   | Noticed Peloso's ghost (journeyman MiFi)
 14528 | Lair:3   | Killed Peloso's ghost
 15360 | D:12     | Reached skill level 15 in Shields
 15471 | D:12     | Received a gift from Okawaru
 15735 | D:12     | Found a deep blue altar of Sif Muna.
 16208 | D:13     | Reached skill level 16 in Shields
 16573 | D:13     | Found a portal to a secret trove of treasure.
 16671 | D:13     | Reached ****** piety under Okawaru
 16784 | D:13     | Found Ydwo Taf's Gadget Boutique.
 16960 | Orc:1    | Entered Level 1 of the Orcish Mines
 16982 | Orc:1    | Found Viguzo's Jewellery Emporium.
 17086 | Orc:2    | Entered Level 2 of the Orcish Mines
 17680 | Orc:1    | Noticed Maurice
 17699 | Orc:1    | Killed Maurice
 18106 | Orc:2    | Received a gift from Okawaru
 18142 | Orc:2    | Identified a scroll of acquirement
 18503 | Orc:2    | Found Dises's Food Boutique.
 18503 | Orc:2    | Found Poiw's Distillery.
 18504 | Orc:2    | Found Fozut's Magic Scroll Shop.
 18508 | Orc:2    | Found Xihol's Magic Scroll Shop.
 18529 | Orc:2    | Bought a scroll of teleportation for 42 gold pieces
 18529 | Orc:2    | Bought a scroll of teleportation for 42 gold pieces
 18530 | Orc:2    | Bought a scroll of teleportation for 51 gold pieces
 18530 | Orc:2    | Bought a scroll of teleportation for 51 gold pieces
 18531 | Orc:2    | Bought a scroll of enchant weapon for 105 gold pieces
 18531 | Orc:2    | Bought a scroll of enchant armour for 105 gold pieces
 18531 | Orc:2    | Bought a scroll of blinking for 105 gold pieces
 18531 | Orc:2    | Bought a scroll of blinking for 105 gold pieces
 18531 | Orc:2    | Bought 2 scrolls of identify for 56 gold pieces
 18534 | Orc:2    | Bought a potion of heal wounds for 75 gold pieces
 18575 | Orc:2    | Reached skill level 17 in Shields
 19009 | Orc:2    | Paralysed by an orc sorcerer for 5 turns
 19046 | Orc:2    | Found a staircase to the Elven Halls.
 19190 | Orc:1    | Noticed Erolcha
 19224 | Orc:2    | Reached XP level 14. HP: 26/124 MP: 14/14
 19871 | Orc:1    | Killed Erolcha
 20225 | Lair:4   | Found a shattered altar of Ashenzari.
 20386 | Lair:4   | Reached skill level 18 in Shields
 20819 | Lair:4   | Found a staircase to the Shoals.
 21019 | Lair:4   | Received a gift from Okawaru
 21022 | Lair:4   | Got a crude lajatang {god gift}
 21028 | Lair:4   | Identified the +5 lajatang "Lyacs" {pain, rElec Int+4 Dex+3} (Okawaru gifted it to you on level 4 of the Lair of Beasts)
 21500 | Lair:5   | Noticed Kirke
 21649 | Lair:5   | Noticed Rupert
 21703 | Lair:4   | Paralysed by Rupert for 4 turns
 21710 | Lair:4   | Killed Rupert
 22023 | Lair:5   | Killed Kirke
 22125 | Lair:6   | Entered Level 6 of the Lair of Beasts
 22187 | Lair:6   | Received a gift from Okawaru
 22274 | Lair:6   | Reached skill level 1 in Short Blades
 22312 | Lair:6   | Reached skill level 19 in Shields
 22792 | Lair:6   | Reached skill level 15 in Long Blades
 22866 | Lair:6   | Reached XP level 15. HP: 121/132 MP: 15/15
 22944 | Lair:6   | Received a gift from Okawaru
 23612 | Lair:6   | Found a viscous altar of Jiyva.
 23613 | Lair:6   | Found a staircase to the Slime Pits.
 24153 | D:14     | Noticed Sonja
 24169 | D:14     | Killed Sonja
 24286 | D:14     | Noticed Josephine
 24303 | D:14     | Killed Josephine
 24527 | D:14     | Reached skill level 20 in Shields
 24841 | D:14     | Received a gift from Okawaru
 25108 | D:14     | Found a gate to the Vaults.
 25312 | D:15     | Entered Level 15 of the Dungeon
 25980 | D:15     | Found a staircase to the Depths.
 27849 | Elf:1    | Entered Level 1 of the Elven Halls
 28223 | Orc:2    | Received a gift from Okawaru
 28927 | Elf:1    | Reached XP level 16. HP: 84/144 MP: 16/16
 29316 | Elf:1    | Reached skill level 21 in Shields
 29327 | Elf:1    | Found Naog's General Store.
 29380 | Elf:1    | Reached skill level 5 in Dodging
 29530 | Elf:1    | Found an ancient bone altar of Kikubaaqudgha.
 29689 | Elf:1    | You fall through a shaft!
 29729 | Elf:2    | Noticed a deep elf blademaster
 29739 | Elf:2    | Found a runed gate.
 29739 | Elf:2    | Found a runed gate.
 29739 | Elf:2    | Found a runed gate.
 29747 | Elf:2    | HP: 6/144 [battleaxe of draining (6)]
 29748 | Elf:2    | HP: 1/144 [flail of protection (6)]
 29750 | Elf:2    | Slain by a flail of protection

Skill      XL: |  1  2  3  4  5  6  7  8  9 10 11 12 13 14 15 16 |
---------------+-------------------------------------------------+-----
Fighting       | 4 5 6 7 9 10 11 12 13 | 13.5
Shields        | 4 5 7 9 10 12 14 17 19 20 21 | 21.2
Long Blades    | 3 5 7 9 10 12 13 14 15 | 15.8
Armour         | 4 5 6 7 9 10 11 12 13 14 | 14.6
Dodging        | 1 2 3 4 5 |  5.0
Stealth        | 1 |  1.5
Invocations    | 1 2 |  2.0
Short Blades   | 2 |  2.3
Evocations     | |  0.1

Action                   |  1- 3 |  4- 6 |  7- 9 | 10-12 | 13-15 | 16-18 || total
-------------------------+-------+-------+-------+-------+-------+-------++-------
Melee: Long sword        |    53 |    89 |   281 |   959 |  1173 |       ||  2555
       Headbutt          |     5 |    18 |    76 |   327 |   727 |    22 ||  1175
       Demon blade       |       |       |       |       |   852 |    80 ||   932
       Short sword       |       |       |       |       |    70 |       ||    70
Invok: Heroism           |       |       |     1 |    16 |    12 |     1 ||    30
Evoke: Wand              |       |       |       |       |     3 |       ||     3
  Use: Scroll            |       |       |     4 |    16 |    13 |     1 ||    34
       Potion            |       |       |     2 |       |     1 |     4 ||     7
  Eat: Chunk             |       |     1 |    13 |    20 |    52 |     2 ||    88
       Ration            |       |     1 |       |     2 |     2 |       ||     5
Armor: Scale mail        |    32 |     2 |       |       |       |       ||    34
       Fire dragon scale |       |    37 |    51 |       |       |       ||    88
       Plate armour      |       |       |    60 |   212 |   543 |    23 ||   838
Dodge: Dodged            |    22 |    21 |   103 |   164 |   451 |    14 ||   775
Block: Shield            |    30 |    33 |   181 |   876 |  2364 |   105 ||  3589
       Reflection        |       |       |       |    31 |    79 |    13 ||   123
       Rpst.: Long sword |     6 |     4 |    23 |    28 |    53 |       ||   114
       Demon blade       |       |       |       |       |    33 |     3 ||    36
